 Dungeon Crawl Stone Soup version 0.29-a0-529-gfa20dd96a1 (webtiles) character file.

Game seed: 9167710154419342375

102 bande the Caller (level 4, -4/32 HPs)
             Began as a Gnoll Wanderer on June 1, 2022.
             Slain by an orc priest
             ... wielding a +0 mace
              (7 damage)
             ... on level 3 of the Dungeon.
             The game lasted 00:05:12 (2936 turns).

bande the Caller (Gnoll Wanderer)                   Turns: 2936, Time: 00:05:13

Health: -4/32      AC: 13    Str: 13    XL:     4   Next: 77%
Magic:  8/8        EV:  3    Int:  9    God:
Gold:   102        SH:  4    Dex: 14    Spells: 8/9 levels left

rFire   . . .      SeeInvis .   i - +0 short sword
rCold   . . .      Faith    .   k - +0 buckler
rNeg    . . .      Spirit   .   g - +1 plate armour
rPois   .          Reflect  .   h - +0 helmet
rElec   .          Harm     .   (no cloak)
rCorr   .          Rampage  .   (no gloves)
Will    .....                   (no boots)
Stlth   ..........              (no amulet)
HPRegen 0.10/turn               (no ring)
MPRegen 0.11/turn               (no ring)

@: no status effects
A: fangs 1, strong nose, distributed training
a: no special abilities


You were on level 3 of the Dungeon.
You visited 1 branch of the dungeon, and saw 3 of its levels.

You collected 102 gold pieces.

Inventory:

Hand Weapons
 a - a +2 shortbow
 i - a +0 short sword (weapon)
Armour
 g - a +1 plate armour (worn)
 h - a +0 helmet (worn)
 k - a +0 buckler (worn)
Scrolls
 d - 3 scrolls of identify
 f - a scroll of enchant armour
Potions
 b - 2 potions of curing
 e - a potion of invisibility
 j - a potion of lignification {unknown}


   Skills:
 + Level 1.2 Fighting
 + Level 1.2 Short Blades
 + Level 1.2 Long Blades
 + Level 1.2 Axes
 + Level 1.2 Maces & Flails
 + Level 1.2 Polearms
 + Level 1.2 Staves
 + Level 1.2 Slings
 + Level 4.7 Bows
 + Level 1.2 Crossbows
 + Level 1.2 Throwing
 + Level 2.8 Armour
 + Level 1.2 Dodging
 + Level 2.6 Stealth
 + Level 1.2 Shields
 + Level 1.2 Unarmed Combat
 + Level 3.0 Spellcasting
 + Level 1.0 Conjurations
 + Level 1.0 Hexes
 + Level 5.5 Summonings
 + Level 1.0 Necromancy
 + Level 1.0 Translocations
 + Level 1.0 Transmutations
 + Level 1.0 Fire Magic
 + Level 1.0 Ice Magic
 + Level 1.0 Air Magic
 + Level 1.0 Earth Magic
 + Level 1.0 Poison Magic
 + Level 2.9 Invocations
 + Level 2.8 Evocations


You had 8 spell levels left.
You knew the following spells:

 Your Spells              Type           Power      Damage    Failure   Level
a - Summon Small Mammal   Summ           44%        N/A       99%         1

Your spell library contained the following spells:

 Spells                   Type           Power      Damage    Failure   Level
 Summon Guardian Golem    Hex/Summ       7%         N/A       100%        3


Dungeon Overview and Level Annotations

Branches:
Dungeon (3/15)

Altars:


Innate Abilities, Weirdness & Mutations

You have very sharp teeth.
Your uncanny sense of smell can sniff out nearby items.
Your experience applies equally to all skills.


Message History

The orc hits you but does no damage.
Keep equipping yourself?
You continue putting on your +0 buckler.
The orc priest invokes the aid of Beogh against you.
Beogh smites you! The orc hits you but does no damage.
You continue putting on your +0 buckler.
The orc priest begins to cast a cantrip, but forgets the words!
The orc hits you but does no damage.
Your magical contamination has completely faded away.
You continue putting on your +0 buckler.
The orc hits you but does no damage.
The orc priest begins to cast a cantrip, but forgets the words!
You finish putting on your +0 buckler.
You barely miss the orc. The orc hits you but does no damage.
Unknown command.
You closely miss the orc.
The orc priest casts a cantrip, but nothing happens.
You block the orc's attack.
You hit the orc.
The orc is almost dead.
The orc hits you but does no damage.
You barely miss the orc.
The orc is almost dead.
The orc hits you with a +0 hand axe.
You closely miss the orc. Your bite misses the orc.
The orc is almost dead.
You block the orc's attack. The orc barely misses you.
You hit the orc.
You kill the orc!
The orc priest invokes the aid of Beogh against you.
Pain shoots through your body!
* * * LOW HITPOINT WARNING * * *
The orc priest hits you with a +0 mace.
* * * LOW HITPOINT WARNING * * *
Things that are here:
a +0 hand axe; an orc corpse You barely miss the orc priest.
The orc priest is severely wounded.
The orc priest hits you with a +0 mace!
You die...

######### ## #..o..o.?
.# #o##### ### .#
#....o#####.#
.###############o#.....#
.'.............#@#.###.#
.#############.#.#.# #)#
.........).....#.#.# #.#
##############.#.#.# #.#
∆ .........#.#.# #.#.#
.#######.#.#.###.#.#
#.....#'#.#...#.#.#
##........###.#.#.# ∆
#..........#.#.#.#


You could see an orc priest and an orc.

Vanquished Creatures
  2 adders (D:2)
  2 worms (D:2)
  A dart slug (D:2)
  2 orcs (D:3)
  9 endoplasms
  3 giant cockroaches
  7 goblins
  7 hobgoblins (D:1)
  5 kobolds
  7 quokkas
  5 ball pythons
  4 bats
  4 frilled lizards
  7 rats
65 creatures vanquished.

Vanquished Creatures (collateral kills)
  2 endoplasms (D:1)
  A goblin (D:1)
3 creatures vanquished.

Grand Total: 68 creatures vanquished

Notes
Turn   | Place    | Note
-------+----------+-------------------------------------------
     0 | D:1      | bande the Gnoll Wanderer began the quest for the Orb.
     0 | D:1      | bande set off with the following items: a +2 shortbow, a +0
                  | scale mail, a potion of heal wounds; and the following
                  | spell memorised: Summon Small Mammal; and the following
                  | spells available to memorise: Summon Guardian Golem
     0 | D:1      | Reached XP level 1. HP: 13/13 MP: 4/4
   113 | D:1      | Reached XP level 2. HP: 19/19 MP: 5/5
   654 | D:1      | Reached XP level 3. HP: 20/25 MP: 7/7
  1572 | D:2      | Reached skill level 1 in Fighting
  1572 | D:2      | Reached skill level 1 in Short Blades
  1572 | D:2      | Reached skill level 1 in Long Blades
  1572 | D:2      | Reached skill level 1 in Axes
  1572 | D:2      | Reached skill level 1 in Maces & Flails
  1572 | D:2      | Reached skill level 1 in Polearms
  1572 | D:2      | Reached skill level 1 in Staves
  1572 | D:2      | Reached skill level 1 in Slings
  1572 | D:2      | Reached skill level 1 in Crossbows
  1572 | D:2      | Reached skill level 1 in Throwing
  1572 | D:2      | Reached skill level 1 in Dodging
  1572 | D:2      | Reached skill level 1 in Shields
  1572 | D:2      | Reached skill level 1 in Unarmed Combat
  1703 | D:2      | Found a faded altar of an unknown god.
  1784 | D:2      | Reached XP level 4. HP: 32/32 MP: 8/8
  2342 | D:2      | Reached skill level 1 in Conjurations
  2342 | D:2      | Reached skill level 1 in Hexes
  2342 | D:2      | Reached skill level 1 in Necromancy
  2342 | D:2      | Reached skill level 1 in Translocations
  2342 | D:2      | Reached skill level 1 in Transmutations
  2342 | D:2      | Reached skill level 1 in Fire Magic
  2342 | D:2      | Reached skill level 1 in Ice Magic
  2342 | D:2      | Reached skill level 1 in Air Magic
  2342 | D:2      | Reached skill level 1 in Earth Magic
  2342 | D:2      | Reached skill level 1 in Poison Magic
  2936 | D:3      | Slain by an orc priest

Illustrated notes

Levels and vault maps discovered:
D:1:      shiori_arrival_elements, layout_loops_ring, minmay_tree_intersection,
          minmay_tromino_v7
D:2:      layout_loops_ring, shapermc_ecumenical_altar_venn,
          kennysheep_generic_room_5
D:3:      gammafunk_wand_slinger, layout_basic, serial_shops,
          nicolae_shop_advertising_works [nicolae_subvault_shop_adworks]

Skill      XL: |  1  2  3  4 |
---------------+-------------+-----
Fighting       | 1 |  1.2
Short Blades   | 1 |  1.2
Long Blades    | 1 |  1.2
Axes           | 1 |  1.2
Maces & Flails | 1 |  1.2
Polearms       | 1 |  1.2
Staves         | 1 |  1.2
Slings         | 1 |  1.2
Crossbows      | 1 |  1.2
Throwing       | 1 |  1.2
Dodging        | 1 |  1.2
Shields        | 1 |  1.2
Unarmed Combat | 1 |  1.2
Spellcasting   | 3 |  3.0
Conjurations   | 1 |  1.0
Hexes          | 1 |  1.0
Necromancy     | 1 |  1.0
Translocations | 1 |  1.0
Transmutations | 1 |  1.0
Fire Magic     | 1 |  1.0
Ice Magic      | 1 |  1.0
Air Magic      | 1 |  1.0
Earth Magic    | 1 |  1.0
Poison Magic   | 1 |  1.0
Bows           | |  4.7
Armour         | |  2.8
Stealth        | |  2.6
Summonings     | |  5.5
Invocations    | |  2.9
Evocations     | |  2.8

Action                   |  1- 3 |  4- 6 || total
-------------------------+-------+-------++-------
Melee: Short sword       |       |     7 ||     7
 Fire: Shortbow          |   109 |    76 ||   185
 Cast: Summon Small Mamm |     1 |       ||     1
  Use: Scroll            |     5 |       ||     5
       Potion            |       |     1 ||     1
Armor: Scale mail        |    16 |       ||    16
       Plate armour      |    54 |    89 ||   143
Dodge: Dodged            |    21 |    11 ||    32
Block: Buckler           |       |     2 ||     2

Table legend: (Time is in decaauts)
 A = Elapsed time spent in this place.
 B = Non-inter-level travel time spent in this place.
 C = Inter-level travel time spent in this place.
 D = Time resting spent in this place.
 E = Time spent auto-exploring this place.
 F = Levels seen in this place.
 G = Mean time per level.
                   A        B        C        D        E       F      G
               +--------+--------+--------+--------+--------+-----+--------+
         Total |   3109 |   3076 |     33 |    754 |   1771 |   3 | 1036.3 |
       Dungeon |   3109 |   3076 |     33 |    754 |   1771 |   3 | 1036.3 |
               +--------+--------+--------+--------+--------+-----+--------+

Top non-repeatable levels by time:
     D:1: 1382 daAuts
     D:2: 1299 daAuts
     D:3: 428 daAuts
